 Dungeon Crawl Stone Soup version 0.28.0-49-g6dfe1f597d (webtiles) character file.

Game seed: 3033073364179780764

226 Exodus22XD the Covert (level 6, 0/32 HPs)
             Began as a Kobold Enchanter on May 15, 2022.
             Succumbed to an adder's poison
             ... on level 2 of the Dungeon.
             The game lasted 00:01:43 (1802 turns).

Exodus22XD the Covert (Kobold Enchanter)            Turns: 1802, Time: 00:01:44

Health: 0/32       AC:  2    Str:  5    XL:     6   Next: 21%
Magic:  1/9        EV: 15    Int: 16    God:
Gold:   33         SH:  0    Dex: 18    Spells: 7/9 levels left

rFire   . . .      SeeInvis .   a - +1 dagger
rCold   . . .      Faith    .   (no shield)
rNeg    . . .      Spirit   .   b - +0 robe
rPois   .          Reflect  .   (no helmet)
rElec   .          Harm     .   (no cloak)
rCorr   .          Rampage  .   (no gloves)
Will    .....                   (no boots)
Stlth   +++++.....              (no amulet)
HPRegen 0.10/turn               (no ring)
MPRegen 0.11/turn               (no ring)

@: lethally poisoned (0 -> -5)
A: small, no large weapons, nightstalker 3
a: no special abilities


You were on level 2 of the Dungeon.
You visited 1 branch of the dungeon, and saw 2 of its levels.

You collected 33 gold pieces.

Inventory:

Hand Weapons
 a - a +1 dagger (weapon)
Armour
 b - a +0 robe (worn)
Jewellery
 d - a ring of resist corrosion
Potions
 c - a potion of invisibility
 e - a potion of might {unknown}
 f - a potion of resistance {unknown}
 g - a potion of curing {unknown}


   Skills:
 - Level 1.3 Short Blades
 - Level 2.4 Dodging
 + Level 9.2 Stealth
 - Level 2.1 Spellcasting
 - Level 3.0 Hexes


You had 7 spell levels left.
You knew the following spells:

 Your Spells              Type           Power      Damage    Failure   Level
a - Ensorcelled Hibernat  Hex/Ice        12%        N/A       17%         2

Your spell library contained the following spells:

 Spells                   Type           Power      Damage    Failure   Level
 Confusing Touch          Hex            11%        N/A       19%         3
 Tukima's Dance           Hex            11%        N/A       19%         3
 Dazzling Flash           Conj/Hex       12%        N/A       32%         3


Dungeon Overview and Level Annotations

Branches:
Dungeon (2/15)

Altars:

Shops:
D:1 (


Innate Abilities, Weirdness & Mutations

You are small and have problems with some larger weapons.
You are completely attuned to the shadows.


Message History

The adder barely misses you. x2
Your magical contamination has completely faded away.
You closely miss the adder.
The adder is heavily wounded.
The adder misses you.
You completely miss the adder.
The adder is heavily wounded.
The adder misses you.
You hit the adder but do no damage.
The adder is heavily wounded.
The adder bites you.
You are poisoned.
The adder poisons you!
You miss the adder.
The adder is heavily wounded.
You feel sick. The adder closely misses you.
You closely miss the adder.
The adder is heavily wounded.
You feel sick. The adder closely misses you.
The adder bites you but does no damage.
You closely miss the adder.
The adder is heavily wounded.
You feel sick. The adder bites you.
* * * LOW HITPOINT WARNING * * *
Okay, then.
You closely miss the adder.
The adder is heavily wounded.
You feel sick. The adder bites you.
* * * LOW HITPOINT WARNING * * *
You are lethally poisoned!
The adder poisons you!
You hit the adder. You punch the adder.
The adder is heavily wounded.
* * * LOW HITPOINT WARNING * * *
You feel sick. The adder bites you.
* * * LOW HITPOINT WARNING * * *
Unknown command.
You closely miss the adder.
The adder is heavily wounded.
You die...

.# .# .#####
...... '#####
....# .....
.....
############
....>
.......@S...
....# #....####
....#### #.##.#
.......# #.##.#
.......# #.##.#
...†...#
###.##..
.......####...#
#######.......##
#..##.##..#


You could see an adder.

Vanquished Creatures
  Sigmund (D:2)
  4 adders (D:2)
  2 ball pythons
  5 endoplasms (D:1)
  A giant cockroach (D:1)
  2 goblins (D:1)
  2 hobgoblins (D:1)
  2 kobolds (D:1)
  2 quokkas (D:1)
  4 bats (D:1)
  3 rats (D:1)
28 creatures vanquished.

Notes
Turn   | Place    | Note
-------+----------+-------------------------------------------
     0 | D:1      | Exodus22XD the Kobold Enchanter began the quest for the
                  | Orb.
     0 | D:1      | Reached XP level 1. HP: 10/10 MP: 3/3
    13 | D:1      | Found Boamurag's Weapon Shop.
   349 | D:1      | Reached XP level 2. HP: 15/15 MP: 5/5
   353 | D:1      | Learned a level 2 spell: Ensorcelled Hibernation
   369 | D:1      | Reached skill level 5 in Stealth
  1185 | D:1      | Reached XP level 3. HP: 15/19 MP: 6/6
  1580 | D:2      | Noticed Sigmund
  1584 | D:2      | Killed Sigmund
  1585 | D:2      | Reached skill level 8 in Stealth
  1585 | D:2      | Reached XP level 4. HP: 24/24 MP: 4/7
  1585 | D:2      | Reached XP level 5. HP: 28/28 MP: 4/8
  1585 | D:2      | Reached XP level 6. HP: 32/32 MP: 4/9
  1671 | D:2      | Reached skill level 9 in Stealth
  1801 | D:2      | HP: 1/32 [adder (3)]
  1802 | D:2      | Succumbed to an adder's poison

Illustrated notes

Levels and vault maps discovered:
D:1:      lightli_arrival_statuegarden, layout_loops_cross, serial_shops,
          nicolae_shop_waterfront
D:2:      layout_basic, minmay_box_of_dots, uniq_jessica, uniq_sigmund,
          uniq_natasha, uniq_robin

Skill      XL: |  1  2  3  4  5  6 |
---------------+-------------------+-----
Stealth        | 5 8 9 |  9.2
Short Blades   | |  1.3
Dodging        | |  2.4
Spellcasting   | |  2.1
Hexes          | |  3.0

Action                   |  1- 3 |  4- 6 || total
-------------------------+-------+-------++-------
Melee: Dagger            |    69 |    22 ||    91
       Punch             |       |     2 ||     2
 Cast: Ensorcelled Hiber |     4 |     7 ||    11
 Stab: Sleeping          |    16 |     4 ||    20
Armor: Robe              |    10 |     1 ||    11
Dodge: Dodged            |    49 |    22 ||    71
